 Dungeon Crawl Stone Soup version 0.31.0-10-gcf4a605ca0 (console) character file.

Game seed: 4776400248127235784

1305 Zeia the Thaumaturge (level 8, -1/55 HPs)
             Began as a Djinni Fire Elementalist on Jan 25, 2024.
             Was a Follower of Makhleb.
             Slain by Pikel
             ... wielding a +2 whip of flaming
              (12 damage)
             ... on level 5 of the Dungeon.
             The game lasted 00:17:34 (4141 turns).

Zeia the Thaumaturge (Djinni Fire Elementalist)     Turns: 4141, Time: 00:17:34

Health: -1/55      AC:  3    Str:  7    XL:     8   Next: 88%
Gold:   237        EV: 12    Int: 18    God:    Makhleb [*.....] SH:  0 Dex: 15

rFire   + + .        m - +5 whip
rCold   . . .        (no shield)
rNeg    . . .        a - +0 robe
rPois   ∞            c - +0 helmet
rElec   .            (no cloak)
rCorr   .            (no gloves)
SInv    .            (boots unavailable)
Will    +....        (no amulet)
Stlth   ++           t - ring of protection from cold
HPRegen 0.29/turn    (no ring)
MPRegen 0.00/turn

%: infuse magic (-2 HP)
@: enlightened, flying
A: sickness immunity, fire resistance 2, cold vulnerability 1, float, innate
caster, HP casting, extra vitality 1
a: Renounce Religion


You were on level 5 of the Dungeon.
You worshipped Makhleb.
Makhleb was aware of your devotion.
You visited 2 branches of the dungeon, and saw 6 of its levels.

You collected 237 gold pieces.

Inventory:

Hand Weapons
 m - a +5 whip (weapon)
Armour
 a - a +0 robe (worn)
 c - a +0 helmet (worn)
 r - a +0 leather armour of cold resistance
 u - a +0 helmet
Jewellery
 t - a ring of protection from cold (left hand)
Scrolls
 b - 2 scrolls of vulnerability {unknown}
 d - 3 scrolls of identify {unknown}
 f - 3 scrolls of fog {unknown}
 g - 2 scrolls of amnesia {unknown}
 j - 2 scrolls of fear {unknown}
 k - 3 scrolls of noise {unknown}
 l - a scroll of teleportation {unknown}
 p - a scroll of poison {unknown}
 w - a scroll of blinking {unknown}
Potions
 e - a potion of lignification {unknown}
 h - a potion of might {unknown}
 i - 2 potions of enlightenment
 n - a potion of degeneration {unknown}
 o - a potion of attraction {unknown}
 q - a potion of invisibility {unknown}
 s - a potion of curing {unknown}
 v - a potion of berserk rage {unknown}


   Skills:
 + Level 2.9 Fighting
 - Level 2.1 Dodging
 - Level 1.5 Stealth
 - Level 8.2 Spellcasting
 - Level 8.2 Conjurations
 - Level 8.2 Hexes
 - Level 8.2 Summonings
 - Level 8.2 Necromancy
 - Level 8.2 Translocations
 - Level 8.2 Fire Magic
 - Level 8.2 Ice Magic
 - Level 8.2 Air Magic
 - Level 8.2 Earth Magic
 - Level 8.2 Alchemy


You knew the following spells:

 Your Spells              Type           Power      Damage    Failure   Level
a - Foxfire               Conj/Fire      100%       2x1d9     1%          1
b - Scorch                Fire           72%        2d8       1%          2
c - Volatile Blastmotes   Fire/Tloc      72%        2d16      1%          3
d - Inner Flame           Hex/Fire       36%        N/A       1%          3
e - Flame Wave            Conj/Fire      36%        2d10      3%          4
f - Magic Dart            Conj           100%       1d8       1%          1
g - Lesser Beckoning      Tloc           72%        N/A       1%          2
h - Call Canine Familiar  Summ           36%        N/A       1%          3
Your spell library was empty.

Dungeon Overview and Level Annotations

Branches:
Dungeon (5/15)             Temple (1/1) D:4

Altars:
Ashenzari
Cheibriados
Dithmenos
Elyvilon
Gozag
Hepliaklqana
Makhleb
Qazlal
Ru
Trog
Uskayaw
Wu Jian
Xom
Zin
The Shining One

Shops:
D:3 [

Annotations:
D:2 Sigmund
D:3 exclusion: downstairs
D:5 Pikel


Innate Abilities, Weirdness & Mutations

You are immune to sickness and miasma.
You are immune to poison.
Your flesh is very heat resistant. (rF++)
You are vulnerable to cold. (rC-)
You float through the air rather than walking.
You learn spells naturally, not from books.
Your magical power is your life essence.
You have superior vitality. (+4 MHP)


Message History

The ogre barely misses you.
An orc wizard comes into view. It is wielding a +0 dagger.
Pikel hits you with a +2 whip of flaming.
A wave of flame ripples out!
The flame wave engulfs the ogre!
You kill the ogre!
Makhleb accepts your kill.
You feel better.
The flame wave engulfs Pikel.
Pikel is heavily wounded.
The flame wave engulfs something!
The flame wave engulfs the lemure!
The lemure is moderately wounded.
Pikel hits you with a +2 whip of flaming.
Your Fighting skill increases to level 2!
Unknown command.
A wave of flame ripples out!
The flame wave engulfs something!
Makhleb accepts your kill.
You feel better.
Reactivating autopickup.
You feel a bit more experienced.
The flame wave engulfs Pikel!
Pikel is severely wounded.
The flame wave engulfs the orc wizard!
You kill the orc wizard!
Makhleb accepts your kill.
The flame wave engulfs the lemure!
The lemure is almost dead.
The flame wave engulfs the lemure.
The lemure is moderately wounded.
The flame wave engulfs the lemure!
The lemure is heavily wounded.
You finish channelling waves of flame.
An orc comes into view. It is wielding a +0 club.
Pikel hits you with a +2 whip of flaming!
The lemure misses you.
Pikel hits you with a +2 whip of flaming!
* * * LOW HITPOINT WARNING * * *
Okay, then.
It was a potion of enlightenment.
You feel more buoyant.
Pikel hits you with a +2 whip of flaming!
You die...
Pikel says, "See you in Hell!"

....... .......
....... .......
....... ####
o......
#..##5).....
#...@)5oo...
#####..5K......
#..##...##..o..
#.......# ....
##..†..###.....
##.............
#........8%8...
##.............
####......8.....
#.....#.........
#.....##.....#


You could see Pikel, 3 lemures, an orc wizard and 3 orcs.

Vanquished Creatures
  Grinder (D:4)
  Menkaure (D:4)
  A black bear (D:4)
  2 ogres
  A phantom (D:4)
  A lemure (D:5)
  Blork the orc (D:5)
  A howler monkey (D:3)
  A hound (D:4)
  2 orc priests (D:4)
  2 iguanas
  Natasha (thrice) (D:3)
  2 orc wizards (D:5)
  3 gnolls (D:3)
  7 adders
  3 dart slugs
  A ribbon worm (D:2)
  18 orcs
  An endoplasm (D:3)
  4 giant cockroaches
  5 hobgoblins
  6 jackals (D:1)
  6 quokkas
  5 ball pythons
  7 bats
  11 goblins
  2 rats
98 creatures vanquished.

Vanquished Creatures (collateral kills)
  2 orc priests (D:4)
  Robin (D:4)
  4 orcs
  2 goblins (D:4)
  2 hobgoblins (D:4)
11 creatures vanquished.

Vanquished Creatures (others)
  54 foxfires
54 creatures vanquished.

Grand Total: 163 creatures vanquished

Notes
Turn   | Place    | Note
-------+----------+-------------------------------------------
     0 | D:1      | Zeia the Djinni Fire Elementalist began the quest for the
                  | Orb.
     0 | D:1      | Zeia set off with the following spells memorised: Foxfire,
                  | Scorch, Volatile Blastmotes, Inner Flame, Flame Wave.
     0 | D:1      | Reached XP level 1. HP: 15/15 MP: 0/0
   126 | D:1      | Reached XP level 2. HP: 20/21 MP: 0/0
   747 | D:1      | Reached XP level 3. HP: 25/25 MP: 0/0
   747 | D:1      | Learned a level 1 spell: Magic Dart
  1234 | D:2      | Noticed Sigmund
  1298 | D:2      | Found an ornate altar of the Wu Jian Council.
  1445 | D:3      | Reached XP level 4. HP: 27/31 MP: 0/0
  1685 | D:3      | Noticed Natasha
  1687 | D:3      | Killed Natasha
  1688 | D:3      | Reached XP level 5. HP: 31/35 MP: 0/0
  1688 | D:3      | Learned a level 2 spell: Lesser Beckoning
  1774 | D:3      | Found Koeqem's Armour Shop.
  1788 | D:3      | Reached skill level 5 in Spellcasting
  1788 | D:3      | Reached skill level 5 in Conjurations
  1788 | D:3      | Reached skill level 5 in Hexes
  1788 | D:3      | Reached skill level 5 in Summonings
  1788 | D:3      | Reached skill level 5 in Necromancy
  1788 | D:3      | Reached skill level 5 in Translocations
  1788 | D:3      | Reached skill level 5 in Fire Magic
  1788 | D:3      | Reached skill level 5 in Ice Magic
  1788 | D:3      | Reached skill level 5 in Air Magic
  1788 | D:3      | Reached skill level 5 in Earth Magic
  1788 | D:3      | Reached skill level 5 in Alchemy
  1844 | D:3      | Found a faded altar of an unknown god.
  1896 | D:3      | Noticed Natasha
  1903 | D:3      | Killed Natasha
  1904 | D:3      | Reached XP level 6. HP: 25/40 MP: 0/0
  1932 | D:3      | Noticed Natasha
  1999 | D:3      | Killed Natasha
  2122 | D:4      | Found a staircase to the Ecumenical Temple.
  2124 | D:4      | Noticed a black bear
  2131 | Temple   | Entered the Ecumenical Temple
  2156 | Temple   | Became a worshipper of Makhleb the Destroyer
  2242 | D:4      | Found a bloodstained altar of Trog.
  2245 | D:4      | Noticed Grinder
  2253 | D:4      | Killed Grinder
  2254 | D:4      | Reached XP level 7. HP: 35/45 MP: 0/0
  2254 | D:4      | Learned a level 3 spell: Call Canine Familiar
  2300 | D:4      | Noticed Robin
  2523 | D:4      | Found a glowing golden altar of the Shining One.
  2548 | D:4      | Noticed Menkaure
  2862 | D:4      | Killed Menkaure
  2863 | D:4      | Reached XP level 8. HP: 19/50 MP: 0/0
  3094 | D:4      | Reached * piety under Makhleb
  3124 | D:4      | Found a stormy altar of Qazlal.
  3252 | D:4      | Killed Robin
  3824 | D:5      | Entered Level 5 of the Dungeon
  3876 | D:5      | Noticed Blork the orc
  3885 | D:5      | Killed Blork the orc
  4033 | D:5      | Reached skill level 1 in Fighting
  4130 | D:5      | Noticed Pikel
  4141 | D:5      | Slain by Pikel

Illustrated notes

Levels and vault maps discovered:
D:1:      minmay_arrival_jagged, layout_loops_ring
D:2:      layout_loops_cross, basic_altar, uniq_terence, uniq_sigmund
D:3:      layout_rooms, serial_shops, nicolae_shop_waterfront,
          shapermc_ecumenical_altar_pompeii, uniq_natasha
D:4:      layout_gridville, nicolae_overflow_crystal_walls,
          mainiacjoe_overflow_surrounded_room, grunt_qazlal_sundering,
          minmay_temple_entry_large_hall, uniq_menkaure, uniq_robin,
          uniq_grinder
D:5:      layout_cave_pools, serial_column_ruins, column_ruins_hut,
          column_ruins_grid_3, column_ruins_grid_2,
          column_ruins_columns_dead_end, column_ruins_grid_3,
          uniq_blork_the_orc, uniq_pikel
Temple:   nicolae_temple_ecumenical_triangle

Skill      XL: |  1  2  3  4  5  6  7  8 |
---------------+-------------------------+-----
Spellcasting   | 4 5 6 7 8 |  8.2
Conjurations   | 4 5 6 7 8 |  8.2
Hexes          | 4 5 6 7 8 |  8.2
Summonings     | 4 5 6 7 8 |  8.2
Necromancy     | 4 5 6 7 8 |  8.2
Translocations | 4 5 6 7 8 |  8.2
Fire Magic     | 4 5 6 7 8 |  8.2
Ice Magic      | 4 5 6 7 8 |  8.2
Air Magic      | 4 5 6 7 8 |  8.2
Earth Magic    | 4 5 6 7 8 |  8.2
Alchemy        | 4 5 6 7 8 |  8.2
Fighting       | 2 |  2.9
Dodging        | |  2.1
Stealth        | |  1.5

Action                     |  1- 3 |  4- 6 |  7- 9 || total
---------------------------+-------+-------+-------++-------
   Cast: Foxfire           |    32 |       |     5 ||    37
         Scorch            |     5 |    23 |    20 ||    48
         Magic Dart        |    25 |    42 |    59 ||   126
         Flame Wave        |       |       |     5 ||     5
         Inner Flame       |       |       |     3 ||     3
         Call Canine Famil |       |       |     7 ||     7
    Use: Potion            |       |       |     1 ||     1
 Armour: Robe              |    16 |     1 |    38 ||    55
  Dodge: Dodged            |    23 |     9 |    32 ||    64
